AAA
LYNN PATRIOTS @ FORT WAYNE HERONS
09/08/2059
 
TOP OF THE 1ST
Lynn Patriots batting - Pitching for Fort Wayne Herons : RHP Cole Good
Pitching: RHP Cole Good
Batting: RHB Malik Donnell 0-0: Called Strike
0-1: Ball
1-1: Foul Ball, location: 2F
1-2: Ball
2-2: SINGLE (Groundball, 6, EV 95.0 MPH)
Batting: RHB Lucas Anderson 0-0: Called Strike
0-1: Ball
1-1: Called Strike
1-2: Ball
2-2: Strikes out swinging
Batting: RHB Mike Thompson 0-0: Ball
1-0: Ball
2-0: Swinging Strike
2-1: Ball
3-1: Called Strike
3-2: Strikes out swinging
Batting: LHB Brandt Bagishaev 0-0: Called Strike
0-1: Called Strike
Malik Donnell is caught stealing 2nd base 2-6
Top of the 1st over - 0 runs, 1 hit, 0 errors, 0 left on base; Lynn 0 - Fort Wayne 0
BOTTOM OF THE 1ST
Fort Wayne Herons batting - Pitching for Lynn Patriots : RHP Wyatt McManus
Pitching: RHP Wyatt McManus
Batting: SHB James Little 0-0: Ball
1-0: Ball
2-0: Ball
3-0: Called Strike
3-1: Foul Ball, location: 2F
3-2: Fly out, F8 (Flyball, 89M, EV 95.0 MPH)
Batting: RHB Shawn Gunn 0-0: Ball
1-0: SINGLE (Groundball, 6MD, EV 102.5 MPH)
Batting: LHB Ozzie Huang 0-0: Called Strike
Shawn Gunn steals 2nd base
0-1: Ball
1-1: Ground out 3-1 (Groundball, 34, EV 105.0 MPH)
Shawn Gunn to third
Batting: RHB Zachariah White 0-0: Swinging Strike
0-1: Called Strike
0-2: Ball
1-2: Foul Ball, location: 2F
1-2: Ball
2-2: Strikes out swinging
Bottom of the 1st over - 0 runs, 1 hit, 0 errors, 1 left on base; Lynn 0 - Fort Wayne 0
TOP OF THE 2ND
Lynn Patriots batting - Pitching for Fort Wayne Herons : RHP Cole Good
Batting: LHB Brandt Bagishaev 0-0: Fly out, F2 (Popup, 3SF, EV 88.1 MPH)
Batting: LHB Deshaun Hone 0-0: Ball
1-0: Called Strike
1-1: Ball
2-1: Called Strike
2-2: Reached on error, E3 (Groundball, 3, EV 101.9 MPH)
Batting: LHB Chase Corman 0-0: Ball
1-0: Ball
2-0: Foul Ball, location: 2F
2-1: Ball
3-1: Called Strike
3-2: Base on Balls
Deshaun Hone to second
Batting: SHB Xavier Amaro 0-0: Ball
1-0: Ball
2-0: Grounds into double play, U3-6 (Groundball, 3L, EV 86.2 MPH)
Top of the 2nd over - 0 runs, 0 hits, 1 error, 1 left on base; Lynn 0 - Fort Wayne 0
BOTTOM OF THE 2ND
Fort Wayne Herons batting - Pitching for Lynn Patriots : RHP Wyatt McManus
Batting: SHB Beaumont Sanchez 0-0: Ball
1-0: Called Strike
1-1: Ball
2-1: Ball
3-1: Foul Ball, location: 2F
3-2: Fly out, F9 (Flyball, 9, EV 88.1 MPH)
Batting: RHB Isiah Mahoney 0-0: SINGLE (Flyball, 8RS, EV 89.4 MPH)
Batting: SHB Chase Davison 0-0: Called Strike
0-1: Called Strike
0-2: Ball
1-2: Ball
2-2: Ball
Wild Pitch!
Isiah Mahoney to second
3-2: Ground out 4-3 (Groundball, 34D, EV 90.6 MPH)
Isiah Mahoney to third
Batting: RHB Alden Lane 0-0: Ball
1-0: Called Strike
1-1: Ball
2-1: Foul Ball, location: 2F
2-2: SINGLE (Groundball, 4D, EV 109.4 MPH)
Isiah Mahoney scores
Batting: RHB Jessie Himes 0-0: Called Strike
0-1: Foul Ball, location: 2F
0-2: DOUBLE (Flyball, 8LXD, EV 93.1 MPH)
Alden Lane to third
Runner from 3rd tries for Home, SAFE, throw by CF to home
Batting: SHB James Little 0-0: Ball
1-0: Called Strike
1-1: Ball
2-1: SINGLE (Line Drive, 5D, EV 96.2 MPH)
Jessie Himes to third
Runner from 3rd tries for Home, SAFE, throw by LF to home
Batting: RHB Shawn Gunn Pickoff Throw to First - Out! 1-3 CS
Bottom of the 2nd over - 3 runs, 4 hits, 0 errors, 0 left on base; Lynn 0 - Fort Wayne 3
TOP OF THE 3RD
Lynn Patriots batting - Pitching for Fort Wayne Herons : RHP Cole Good
Batting: RHB Scottie Viele 0-0: Ball
1-0: Ball
2-0: Called Strike
2-1: Swinging Strike
2-2: Foul Ball, location: 2F
2-2: Ball
3-2: Strikes out swinging
Batting: LHB Kyle Cherry 0-0: Ball
1-0: Called Strike
1-1: SINGLE (Flyball, 9S, EV 92.5 MPH)
Batting: RHB Malik Donnell 0-0: Ball
1-0: Ball
2-0: Ball
3-0: Base on Balls
Kyle Cherry to second
Batting: RHB Lucas Anderson 0-0: Ball
1-0: Ball
2-0: SINGLE (Groundball, 4MD, EV 96.2 MPH)
Kyle Cherry to third
Malik Donnell to second
Batting: RHB Mike Thompson 0-0: Foul Ball, location: 2F
0-1: Ball
1-1: Ball
2-1: SINGLE (Groundball, 56D, EV 105.0 MPH)
Kyle Cherry scores
Malik Donnell to third
Lucas Anderson to second
Runner from 3rd tries for Home, SAFE, throw by LF to home
Batting: LHB Brandt Bagishaev 0-0: Ball
1-0: Fly out, F7 (Flyball, 7LMF, EV 97.5 MPH)
Runner from 2nd tags up, OUT at 3rd! 7-5
Top of the 3rd over - 2 runs, 3 hits, 0 errors, 1 left on base; Lynn 2 - Fort Wayne 3
BOTTOM OF THE 3RD
Fort Wayne Herons batting - Pitching for Lynn Patriots : RHP Wyatt McManus
Batting: RHB Shawn Gunn 0-0: Called Strike
0-1: Swinging Strike
0-2: Strikes out looking
Batting: LHB Ozzie Huang 0-0: Called Strike
0-1: SINGLE (Groundball, 34D, EV 102.5 MPH)
Batting: RHB Zachariah White 0-0: Ball
1-0: Called Strike
1-1: Ball
2-1: Grounds into double play, 5-4-3 (Groundball, 56, EV 83.8 MPH)
Bottom of the 3rd over - 0 runs, 1 hit, 0 errors, 0 left on base; Lynn 2 - Fort Wayne 3
TOP OF THE 4TH
Lynn Patriots batting - Pitching for Fort Wayne Herons : RHP Cole Good
Batting: LHB Deshaun Hone 0-0: Ball
1-0: Ball
2-0: Ball
3-0: Called Strike
3-1: Fly out, F8 (Flyball, 89D, EV 99.4 MPH)
Batting: LHB Chase Corman 0-0: Ball
1-0: Fly out, F2 (Popup, 3SF, EV 80.6 MPH)
Batting: SHB Xavier Amaro 0-0: Ground out U3 (Groundball, 3S, EV 84.4 MPH)
Top of the 4th over - 0 runs, 0 hits, 0 errors, 0 left on base; Lynn 2 - Fort Wayne 3
BOTTOM OF THE 4TH
Fort Wayne Herons batting - Pitching for Lynn Patriots : RHP Wyatt McManus
Batting: SHB Beaumont Sanchez 0-0: Ball
1-0: Foul Ball, location: 2F
1-1: Ball
2-1: Ball
3-1: Swinging Strike
3-2: Base on Balls
Batting: RHB Isiah Mahoney 0-0: Called Strike
0-1: SINGLE (Line Drive, 7LS, EV 87.5 MPH)
Beaumont Sanchez to second
Batting: SHB Chase Davison 0-0: Foul Ball, location: 2F
0-1: Ball
1-1: Foul Ball, location: 2F
1-2: Ball
2-2: Fielders Choice at 2nd, 1-6 (Groundball, 13, EV 73.8 MPH)
Beaumont Sanchez to third
Batting: RHB Alden Lane 0-0: Foul Ball, location: 2F
0-1: Called Strike
Chase Davison steals 2nd base
0-2: Ball
1-2: Ground out 5-3 (Groundball, 56, EV 80.0 MPH)
Beaumont Sanchez scores
Batting: RHB Jessie Himes 0-0: Ball
1-0: Called Strike
1-1: Swinging Strike
1-2: Strikes out swinging
Bottom of the 4th over - 1 run, 1 hit, 0 errors, 1 left on base; Lynn 2 - Fort Wayne 4
TOP OF THE 5TH
Lynn Patriots batting - Pitching for Fort Wayne Herons : RHP Cole Good
Batting: RHB Scottie Viele 0-0: Called Strike
0-1: Ball
1-1: Called Strike
1-2: Strikes out looking
Batting: LHB Kyle Cherry 0-0: Fly out, F9 (Flyball, 89M, EV 93.1 MPH)
Batting: RHB Malik Donnell 0-0: Swinging Strike
0-1: Foul Ball, location: 2F
0-2: Strikes out swinging
Top of the 5th over - 0 runs, 0 hits, 0 errors, 0 left on base; Lynn 2 - Fort Wayne 4
BOTTOM OF THE 5TH
Fort Wayne Herons batting - Pitching for Lynn Patriots : RHP Wyatt McManus
Batting: SHB James Little 0-0: Ball
1-0: Ball
2-0: Called Strike
2-1: Swinging Strike
2-2: Foul Ball, location: 2F
2-2: Ball
3-2: Strikes out looking
Batting: RHB Shawn Gunn 0-0: Ball
1-0: Called Strike
1-1: Ball
2-1: Swinging Strike
2-2: Ball
3-2: SINGLE (Groundball, 6S, EV 65.6 MPH) (infield hit)
Batting: LHB Ozzie Huang 0-0: Ball
1-0: Foul Ball, location: 2F
1-1: Reached on error, E6 (Groundball, 6, EV 94.4 MPH)
Shawn Gunn to second
Batting: RHB Zachariah White 0-0: Ball
1-0: Ball
2-0: Ball
3-0: Fly out, F7 (Flyball, 78D, EV 103.1 MPH)
Runner from 2nd tags up, SAFE at 3rd with throw by LF
Batting: SHB Beaumont Sanchez 0-0: Called Strike
0-1: Ball
1-1: Ball
2-1: Foul Ball, location: 2F
Balk!
Shawn Gunn scores
Ozzie Huang to second
2-2: Strikes out swinging
Bottom of the 5th over - 1 run, 1 hit, 1 error, 1 left on base; Lynn 2 - Fort Wayne 5
TOP OF THE 6TH
Lynn Patriots batting - Pitching for Fort Wayne Herons : RHP Cole Good
Batting: RHB Lucas Anderson 0-0: Foul Ball, location: 2F
0-1: Swinging Strike
0-2: Strikes out swinging
Batting: RHB Mike Thompson 0-0: Swinging Strike
0-1: Fly out, F7 (Flyball, 7LSF, EV 87.5 MPH)
Batting: LHB Brandt Bagishaev 0-0: Ball
1-0: SINGLE (Groundball, 34D, EV 106.2 MPH)
Batting: LHB Deshaun Hone 0-0: Called Strike
0-1: Ball
1-1: Foul Ball, location: 2F
1-2: Ball
2-2: Ball
3-2: SINGLE (Groundball, 34, EV 100.6 MPH)
Brandt Bagishaev to second
Brandt Bagishaev to third
Batting: LHB Chase Corman 0-0: Foul Ball, location: 2F
0-1: Ball
1-1: Ball
2-1: Ball
3-1: Called Strike
3-2: Ground out U3 (Groundball, 3S, EV 79.4 MPH)
Top of the 6th over - 0 runs, 2 hits, 0 errors, 2 left on base; Lynn 2 - Fort Wayne 5
BOTTOM OF THE 6TH
Fort Wayne Herons batting - Pitching for Lynn Patriots : RHP Wyatt McManus
Batting: RHB Isiah Mahoney 0-0: Ball
1-0: Foul Ball, location: 2F
1-1: Fly out, F9 (Flyball, 9, EV 93.1 MPH)
Batting: SHB Chase Davison 0-0: Ball
1-0: Foul Ball, location: 2F
1-1: Swinging Strike
1-2: SINGLE (Groundball, 6M, EV 100.6 MPH) (infield hit)
Batting: RHB Alden Lane 0-0: Ball
1-0: Called Strike
1-1: Foul Ball, location: 2F
1-2: Ball
2-2: Foul Ball, location: 2F
2-2: Foul Ball, location: 2F
2-2: Fly out, F2 (Popup, 2R, EV 90.0 MPH)
Pitching: RHP Peter Long
Batting: RHB Jessie Himes 0-0: Foul Ball, location: 2F
0-1: Foul Ball, location: 2F
0-2: Ball
1-2: Ball
2-2: Foul Ball, location: 2F
2-2: Ball
3-2: Ground out 5-3 (Groundball, 5S, EV 66.9 MPH)
Bottom of the 6th over - 0 runs, 1 hit, 0 errors, 1 left on base; Lynn 2 - Fort Wayne 5
TOP OF THE 7TH
Lynn Patriots batting - Pitching for Fort Wayne Herons : RHP Cole Good
Batting: SHB Xavier Amaro 0-0: Ball
1-0: Called Strike
1-1: Called Strike
1-2: Ball
2-2: Fly out, F8 (Flyball, 8RD, EV 103.8 MPH)
Pitching: LHP Adrian Moore
Batting: RHB Scottie Viele 0-0: Ball
1-0: Ball
2-0: Called Strike
2-1: Ball
3-1: Foul Ball, location: 2F
3-2: Strikes out swinging, 2-3 out at first.
Batting: LHB Kyle Cherry 0-0: Ball
1-0: Ball
2-0: Foul Ball, location: 2F
2-1: Swinging Strike
2-2: Strikes out swinging
Top of the 7th over - 0 runs, 0 hits, 0 errors, 0 left on base; Lynn 2 - Fort Wayne 5
BOTTOM OF THE 7TH
Fort Wayne Herons batting - Pitching for Lynn Patriots : RHP Peter Long
Batting: SHB James Little 0-0: Ball
1-0: Foul Ball, location: 2F
1-1: Called Strike
1-2: Ball
2-2: Fly out, F4 (Line Drive, 4, EV 67.5 MPH)
Batting: RHB Shawn Gunn 0-0: Swinging Strike
0-1: Ball
1-1: Ball
2-1: Ball
3-1: Base on Balls
Batting: LHB Ozzie Huang 0-0: Grounds into double play, 6-4-3 (Groundball, 6MD, EV 81.2 MPH)
Bottom of the 7th over - 0 runs, 0 hits, 0 errors, 0 left on base; Lynn 2 - Fort Wayne 5
TOP OF THE 8TH
Lynn Patriots batting - Pitching for Fort Wayne Herons : LHP Adrian Moore
Batting: RHB Malik Donnell 0-0: Ball
1-0: Called Strike
1-1: Ball
2-1: Ground out 5-3 (Groundball, 56, EV 79.4 MPH)
Batting: RHB Lucas Anderson 0-0: Called Strike
0-1: Ball
1-1: Swinging Strike
1-2: Fly out, F9 (Flyball, 89S, EV 86.9 MPH)
Batting: RHB Mike Thompson 0-0: Foul Ball, location: 2F
0-1: Ball
1-1: SINGLE (Groundball, 56D, EV 94.4 MPH)
Batting: LHB Brandt Bagishaev 0-0: Swinging Strike
0-1: Foul Ball, location: 2F
0-2: Ground out 4-3 (Groundball, 4, EV 85.6 MPH)
Top of the 8th over - 0 runs, 1 hit, 0 errors, 1 left on base; Lynn 2 - Fort Wayne 5
BOTTOM OF THE 8TH
Fort Wayne Herons batting - Pitching for Lynn Patriots : RHP Peter Long
Batting: RHB Zachariah White 0-0: Ball
1-0: Foul Ball, location: 2F
1-1: Ball
2-1: Ball
3-1: Base on Balls
Batting: SHB Beaumont Sanchez 0-0: Called Strike
0-1: Swinging Strike
0-2: Ball
1-2: Strikes out swinging
Batting: RHB Isiah Mahoney 0-0: Fly out, F5 (Line Drive, 5, EV 66.2 MPH)
Batting: SHB Chase Davison 0-0: Called Strike
0-1: Ball
1-1: Ball
2-1: Foul Ball, location: 2F
2-2: Foul Ball, location: 2F
2-2: Foul Ball, location: 2F
2-2: Fly out, F8 (Flyball, 8RM, EV 81.2 MPH)
Bottom of the 8th over - 0 runs, 0 hits, 0 errors, 1 left on base; Lynn 2 - Fort Wayne 5
TOP OF THE 9TH
Lynn Patriots batting - Pitching for Fort Wayne Herons : LHP Adrian Moore
Pitching: RHP Bryce Garton
Now at 3B: Dave Mrkvicka
Now in LF: Shawn Gunn
Now in RF: Aron Lali
Batting: LHB Deshaun Hone 0-0: Foul Ball, location: 2F
0-1: Swinging Strike
0-2: Foul Ball, location: 2F
0-2: Strikes out swinging
Batting: LHB Chase Corman 0-0: Called Strike
0-1: Ball
1-1: Reached on error, E5 (Groundball, 5, EV 83.8 MPH)
Batting: SHB Xavier Amaro 0-0: Ball
1-0: Fly out, F7 (Flyball, 7, EV 96.9 MPH)
Pinch Hitting: LHB Kenny Jackson 0-0: Called Strike
0-1: Ball
1-1: SINGLE (Groundball, 4MD, EV 94.4 MPH)
Chase Corman to third
Batting: LHB Kyle Cherry 0-0: Ball
1-0: Called Strike
1-1: Ball
2-1: Foul Ball, location: 2F
2-2: Foul Ball, location: 2F
2-2: Foul Ball, location: 2F
2-2: Fly out, F7 (Flyball, 78S, EV 86.9 MPH)
Top of the 9th over - 0 runs, 1 hit, 1 error, 2 left on base; Lynn 2 - Fort Wayne 5
Sunday, March 31st , 2024 - OOTP Baseball 23.10 Build 110